 Dungeon Crawl Stone Soup version 0.29-a0-344-ge2f44be95a (webtiles) character file.

Game seed: 13367446715650288985

1768 spaghetti the Tortoise (level 9, -3/64 HPs)
             Began as a Barachi Fighter on Apr 21, 2022.
             Was an Initiate of Okawaru.
             Slain by Amaemon
             ... wielding a +2 demon whip of venom
              (5 damage)
             ... on level 10 of the Dungeon.
             The game lasted 00:15:54 (7746 turns).

spaghetti the Tortoise (Barachi Fighter)            Turns: 7746, Time: 00:15:55

Health: -3/64      AC: 25    Str: 19    XL:     9   Next: 7%
Magic:  9/9        EV: 16    Int:  8    God:    Okawaru [......]
Gold:   306        SH:  5    Dex: 15    Spells: 8/8 levels left

rFire   + + .      SeeInvis .   e - +1 hand axe (protect) {axe}
rCold   x . .      Faith    .   c - +0 buckler
rNeg    + . .      Spirit   .   m - +1 fire dragon scales
rPois   .          Reflect  .   (no helmet)
rElec   .          Harm     .   p - +2 cloak
rCorr   .          Rampage  .   (no gloves)
Will    .....                   (no boots)
Stlth   ..........              (no amulet)
HPRegen 0.20/turn               t - +4 ring of evasion
MPRegen 0.11/turn               x - ring of positive energy

@: lethally poisoned (-3 -> -5), under a protective aura, studying Armour, slow
A: amphibious, slowness 1, strong legs 1, +LOS
a: Hop, Renounce Religion


You were on level 10 of the Dungeon.
You worshipped Okawaru.
Okawaru was noncommittal.
You visited 2 branches of the dungeon, and saw 11 of its levels.

You collected 306 gold pieces.


Innate Abilities, Weirdness & Mutations

You are amphibious.
You cover ground slowly.
You can hop short distances.
You have an extended range of vision and can be seen from far away.


   Skills:
 - Level 3.6 Fighting
 - Level 2.4 Long Blades
 + Level 15.5 Armour
 - Level 6.4 Dodging
 - Level 3.2 Shields


You had 8 spell levels left.
You didn't know any spells.
Your spell library contained the following spells:

 Spells                   Type           Power      Damage    Failure   Level
 Freeze                   Ice            0%         1d3       82%         1
 Magic Dart               Conj           0%         1d3       82%         1
 Blink                    Tloc           0%         N/A       91%         2
 Corpse Rot               Necr/Air       0%         N/A       91%         2
 Scorch                   Fire           0%         2d5       91%         2
 Searing Ray              Conj           0%         2d4       91%         2
 Frozen Ramparts          Ice            0%         1d2       99%         3
 Dispel Undead            Necr           0%         3d6       100%        4
 Flame Wave               Conj/Fire      0%         2d4       100%        4
 Fulminant Prism          Conj/Hex       0%         3d6       100%        4
 Hailstorm                Conj/Ice       0%         3d3       100%        4
 Manifold Assault         Tloc           0%         N/A       100%        5
 Storm Form               Tmut/Air       0%         N/A       100%        7
 Death Channel            Necr           Unusable   N/A       N/A         6
 Summon Cactus Giant      Summ           Unusable   N/A       N/A         6

Inventory:

Hand Weapons
 a - a +0 long sword {long}
 d - a +3 scythe of freezing {polearm}
   (You took it off Sigmund on level 2 of the Dungeon)
 e - a +1 hand axe of protection (weapon) {axe}
   (You took it off an orc on level 3 of the Dungeon)
 r - a +2 dagger of holy wrath {short}
   (You took it off an orc wizard on level 8 of the Dungeon)
 u - a +0 dagger of venom {short}
   (You took it off an orc wizard on level 8 of the Dungeon)
 v - a +1 dagger of freezing {short}
   (You took it off an orc on level 8 of the Dungeon)
Missiles
 i - 73 stones (quivered) {throwing}
 o - 2 poisoned darts {throwing}
Armour
 b - a +0 scale mail
 c - a +0 buckler (worn)
 m - +1 fire dragon scales (worn)
   (You found it on level 1 of the Dungeon)
 p - a +2 cloak (worn)
   (You found it on level 2 of the Dungeon)
 q - a +0 plate armour
   (You found it on level 3 of the Dungeon)
Jewellery
 t - a +4 ring of evasion (left hand)
   (You found it on level 4 of the Dungeon)
 x - a ring of positive energy (right hand)
   (You found it on level 6 of the Dungeon)
Wands
 l - a wand of polymorph (7)
   (You found it on level 7 of the Dungeon)
Scrolls
 j - 3 scrolls of noise {!r}
 n - 2 scrolls of fog
 s - a scroll of summoning
Potions
 f - a potion of attraction {!q}
 w - a potion of flight

Dungeon Overview and Level Annotations

Branches:
Dungeon (10/15)            Temple (1/1) D:7
   Lair: D:8-11         Orc: D:9-12

Altars:
Ashenzari
Dithmenos
Fedhas
Hepliaklqana
Kikubaaqudgha
Nemelex Xobeh
Okawaru
Qazlal
Ru
Sif Muna
Trog
Uskayaw
Vehumet
Wu Jian
Xom
Yredelemnul
Zin
The Shining One

Shops:
D:6 (

Annotations:
D:6 Pikel
D:10 Amaemon

.# .....+
........#
........#
........#
#....#
##....####+###
#......s#.s..#
#......s6ss..#
#<.....ยง#@...#
##+###########


You could see Amaemon and 5 scorpions.


Message History

๐Ÿ˜จ HP[-3]
You take 3 damage, and now have 28/64 hp.
You hit Amaemon.
You feel very sick. Amaemon hits you but does no damage.
You are more poisoned.
You block Amaemon's attack. Amaemon misses you. Amaemon barely misses you. x2
Amaemon misses you. ๐Ÿ˜จ HP[-2]
You take 2 damage, and now have 26/64 hp.
Unknown command.
You hit Amaemon.
You feel very sick. You block Amaemon's attack.
Amaemon claws you but does no damage.
Amaemon tail-slaps you but does no damage. ๐Ÿ˜จ HP[-4]
You take 4 damage, and now have 22/64 hp.
Okay, then.
Okay, then.
Okay, then.
Aiming: Polymorph
Press: ? - help, Shift-Dir - straight line, f - Amaemon
Aim: Amaemon, wielding a +2 demon whip of venom (lightly wounded, will become a raiju, an ogre, or a queen bee, chance to affect: 17%)
Okay, then.
You hit Amaemon.
You feel very sick.
Amaemon mumbles some strange words. ๐Ÿ˜จ HP[-4]
You take 4 damage, and now have 18/64 hp.
You barely miss Amaemon. You barely miss the scorpion.
You feel sick.
Amaemon gestures wildly while chanting.
The scorpion barely misses you. Amaemon hits you but does no damage.
You are more poisoned.
Amaemon misses you.
Amaemon completely misses you. ๐Ÿ˜จ HP[-1]
You take 1 damage, and now have 17/64 hp.
Unknown command.
You slash Amaemon! You barely miss the scorpion.
You hit the scorpion but do no damage.
* * * LOW HITPOINT WARNING * * *
You feel very sick.
The scorpion stings you but does no damage.
The scorpion barely misses you. Amaemon barely misses you.
Amaemon closely misses you. Amaemon barely misses you.
You block the scorpion's attack.
The scorpion stings you but does no damage. ๐Ÿ˜ฑ HP[-4]
You take 4 damage, and now have 13/64 hp.
You slash Amaemon! You hit the scorpion. You closely miss the scorpion.
* * * LOW HITPOINT WARNING * * *
You feel very sick.
The scorpion stings you but does no damage.
Amaemon hits you but does no damage. Amaemon claws you.
* * * LOW HITPOINT WARNING * * *
Amaemon tail-slaps you but does no damage.
The scorpion barely misses you. ๐Ÿ˜ฑ HP[-5]
You take 5 damage, and now have 8/64 hp.
You slash Amaemon! You closely miss the scorpion. You barely miss the scorpion.
* * * LOW HITPOINT WARNING * * *
You feel very sick.
The scorpion stings you but does no damage.
The scorpion barely misses you. Amaemon misses you.
Amaemon claws you but does no damage. Amaemon completely misses you.
The scorpion closely misses you.
The scorpion stings you but does no damage.
Amaemon casts a spell at something. ๐Ÿ˜ฑ HP[-3]
You take 3 damage, and now have 5/64 hp.
Unknown command.
You barely miss Amaemon. You hit the scorpion.
You hit the scorpion but do no damage.
* * * LOW HITPOINT WARNING * * *
You feel sick. The scorpion barely misses you. You block the scorpion's attack.
Amaemon's eyes glow red.
You block Amaemon's attack. Amaemon barely misses you.
Amaemon tail-slaps you but does no damage.
The scorpion misses you. ๐Ÿ˜ฑ HP[-1]
You take 1 damage, and now have 4/64 hp.
You barely miss Amaemon. You hit the scorpion but do no damage.
You hit the scorpion.
* * * LOW HITPOINT WARNING * * *
You feel sick.
The scorpion stings you but does no damage.
Amaemon points at the scorpion and mumbles some strange words.
The scorpion seems to grow toxic.
The scorpion closely misses you.
You block the scorpion's attack. ๐Ÿ˜ฑ HP[-1]
You take 1 damage, and now have 3/64 hp.
You slash Amaemon! You barely miss the scorpion.
You hit the scorpion but do no damage.
* * * LOW HITPOINT WARNING * * *
You feel sick. The scorpion misses you.
Amaemon casts a spell.
The scorpion closely misses you.
The scorpion stings you but does no damage.
The scorpion barely misses you.
Amaemon hits you with a +2 demon whip of venom.
You die...

Skill      XL: |  1  2  3  4  5  6  7  8 |
---------------+-------------------------+-----
Dodging        | 1 2 3 5 6 |  6.4
Armour         | 4 5 6 10 15 | 15.5
Fighting       | |  3.6
Long Blades    | |  2.4
Shields        | |  3.2

Action                   |  1- 3 |  4- 6 |  7- 9 || total
-------------------------+-------+-------+-------++-------
Melee: Long sword        |   130 |    90 |   331 ||   551
       Hand axe          |       |       |    32 ||    32
Throw: Stone             |       |       |    13 ||    13
       Dart              |       |       |     1 ||     1
 Abil: Hop               |       |     3 |     4 ||     7
  Use: Potion            |     3 |     5 |     9 ||    17
       Scroll            |       |     3 |    15 ||    18
Armor: Scale mail        |    47 |       |       ||    47
       Fire dragon scale |    36 |    50 |   239 ||   325
       Skin              |     3 |       |       ||     3
Dodge: Dodged            |    81 |    51 |   381 ||   513
Block: Buckler           |    38 |    16 |   119 ||   173

Levels and vault maps discovered:
D:1:      ncdulo_wetmaze, layout_basic, serial_forest, infiniplex_forest_end_2,
          infiniplex_forest_lined_3_way, infiniplex_forest_clump_double,
          infiniplex_forest_lined_2, infiniplex_forest_diagonal,
          infiniplex_forest_clump_C, infiniplex_forest_lined_1,
          infiniplex_forest_lined_2, hellmonk_ecumenical_altar_blasted,
          minmay_tromino_v4_b
D:2:      layout_basic, basic_altar, uniq_natasha, uniq_sigmund
D:3:      layout_basic
D:4:      layout_layer_cave, mainiacjoe_overflow_six_doors_small
D:5:      layout_loops_corners, uniq_eustachio
D:6:      layout_rooms, lightli_temple_of_fire, serial_shops,
          nicolae_stop_n_shop_2, hangedman_decor_opposing, uniq_pikel
D:7:      layout_basic, lemuel_round_altar, minmay_temple_entry_trees,
          gammafunk_ghost_necromancy
D:8:      layout_basic, nicolae_hepliaklqana_hazy_memory, enter_bailey_5
D:9:      layout_layer_cave, kennysheep_little_box, uniq_amaemon
D:10:     layout_gridville, nicolae_gozag_cash_rules_everything_around_me,
          orc_david_3
Temple:   eino_temple_rhombus

Notes
Turn   | Place    | Note
-------+----------+-------------------------------------------
     0 | D:1      | spaghetti the Barachi Fighter began the quest for the Orb.
     0 | D:1      | Reached XP level 1. HP: 18/18 MP: 1/1
     0 | D:1      | magus.rc [v1.9.6]
   244 | D:1      | Reached skill level 1 in Dodging
   244 | D:1      | Reached XP level 2. HP: 24/24 MP: 2/2
   263 | D:1      | Found a faded altar of an unknown god.
   532 | D:1      | Reached skill level 4 in Armour
   542 | D:1      | Reached skill level 2 in Dodging
   827 | D:1      | Reached XP level 3. HP: 29/29 MP: 3/3
   939 | D:2      | Found a shadowy altar of Dithmenos.
  1381 | D:2      | Reached skill level 3 in Dodging
  1386 | D:2      | Noticed Natasha
  1401 | D:2      | HP: 6/29 [Natasha/magic dart (5)]
  1405 | D:2      | Killed Natasha
  1406 | D:2      | Reached XP level 4. HP: 36/36 MP: 4/4
  1503 | D:2      | Noticed Natasha
  1509 | D:2      | Killed Natasha
  1687 | D:2      | You pick up a book of Scorching and begin reading...
  1687 | D:2      | You add the spells Scorch, Flame Wave and Summon Cactus
                  | Giant to your library.
  1690 | D:2      | Reached XP level 5. HP: 37/41 MP: 5/5
  1749 | D:2      | Noticed Sigmund
  1761 | D:2      | HP: 10/41 [Sigmund/+3 scythe of freezing (3)]
  1762 | D:2      | Killed Sigmund
  1763 | D:2      | Reached skill level 5 in Armour
  1763 | D:2      | Reached skill level 5 in Dodging
  1763 | D:2      | Reached XP level 6. HP: 12/47 MP: 6/6
  1843 | D:2      | Noticed Natasha
  2102 | D:2      | You pick up a book of Conjurations {@e2} and begin
                  | reading...
  2102 | D:2      | You add the spells Magic Dart, Searing Ray and Fulminant
                  | Prism to your library.
  2132 | D:2      | Killed Natasha
  2933 | D:3      | You pick up a book of Frost and begin reading...
  2933 | D:3      | You add the spells Freeze, Frozen Ramparts and Hailstorm to
                  | your library.
  3028 | D:4      | You add the spells Blink, Manifold Assault and Storm Form
                  | to your library.
  3047 | D:4      | Reached skill level 6 in Dodging
  3247 | D:4      | Reached skill level 6 in Armour
  3326 | D:4      | Reached XP level 7. HP: 45/52 MP: 7/7
  3641 | D:3      | Identified a scroll of acquirement
  3859 | D:3      | Acquired a manual of Armour
  4284 | D:4      | Found a shadowy altar of Dithmenos.
  4567 | D:4      | Reached skill level 7 in Armour
  4830 | D:4      | Reached skill level 8 in Armour
  5367 | D:5      | Entered Level 5 of the Dungeon
  5479 | D:5      | Reached skill level 9 in Armour
  5832 | D:5      | Noticed Eustachio
  5890 | D:5      | Killed Eustachio
  5891 | D:5      | Reached skill level 10 in Armour
  5891 | D:5      | Reached XP level 8. HP: 38/59 MP: 8/8
  6195 | D:5      | Reached skill level 11 in Armour
  6278 | D:5      | You fall into a shaft and drop 1 floor!
  6317 | D:6      | Noticed Pikel
  6322 | D:6      | Found Xoddemi's Antique Weapon Shop.
  6570 | D:7      | Reached skill level 12 in Armour
  6754 | D:7      | You pick up a book of Decay and begin reading...
  6754 | D:7      | You add the spells Corpse Rot, Dispel Undead and Death
                  | Channel to your library.
  6871 | D:7      | Found a staircase to the Ecumenical Temple.
  6876 | D:7      | Noticed a freezing wraith
  6876 | D:7      | Noticed a wraith
  6881 | Temple   | Entered the Ecumenical Temple
  7057 | Temple   | Became a worshipper of Warmaster Okawaru
  7383 | D:9      | Noticed a yak
  7383 | D:9      | Noticed a yak
  7477 | D:8      | Reached skill level 13 in Armour
  7622 | D:8      | Found a hazy altar of Hepliaklqana.
  7666 | D:8      | Noticed a two-headed ogre
  7685 | D:9      | Noticed a yak
  7687 | D:9      | Noticed a yak
  7690 | D:9      | Killed a yak
  7690 | D:9      | Noticed a two-headed ogre
  7691 | D:9      | Reached skill level 14 in Armour
  7692 | D:9      | Noticed a wyvern
  7695 | D:9      | Killed a yak
  7696 | D:9      | Noticed Amaemon
  7696 | D:9      | Noticed an orange demon
  7697 | D:9      | Killed a yak
  7698 | D:9      | Reached skill level 15 in Armour
  7698 | D:9      | Reached XP level 9. HP: 46/64 MP: 9/9
  7707 | D:10     | Entered Level 10 of the Dungeon
  7741 | D:10     | HP: 13/64 [poisoned by Amaemon]
  7743 | D:10     | HP: 5/64 [poisoned by Amaemon]
  7746 | D:10     | HP: 2/64 [poisoned by Amaemon]
  7746 | D:10     | Slain by Amaemon

Vanquished Creatures
  Sigmund (D:2)
  Eustachio (D:5)
  3 yaks (D:9)
  An ogre (D:4)
  2 centaurs
  A lemure (D:6)
  A bullfrog (D:7)
  A scorpion (D:5)
  2 hounds (D:4)
  An orc priest (D:3)
  A jelly (D:5)
  4 iguanas
  Natasha (thrice) (D:2)
  4 orc wizards
  4 gnolls
  8 adders
  5 worms
  3 dart slugs
  9 orcs
  7 endoplasms
  A giant cockroach (D:1)
  A goblin (D:4)
  2 hobgoblins (D:1)
  6 jackals (D:2)
  4 quokkas
  5 ball pythons
  5 bats
  4 frilled lizards
  5 kobolds
  2 rats (D:1)
97 creatures vanquished.

Vanquished Creatures (collateral kills)
  A sky beast (D:7)
  A lemure (D:7)
2 creatures vanquished.

Grand Total: 99 creatures vanquished

Table legend:
 A = Non-vault XP
 B = Vault XP
 C = Vault XP percentage of total XP
 D = Non-vault monster count
 E = Vault monster count
 F = Vault count percentage of total count
                 A         B        C        D         E       F
            +---------+---------+-------+---------+---------+-------
      Total |    2049 |     477 |  18.9 |      92 |       5 |   5.2
            +---------+---------+-------+---------+---------+-------
        D:1 |      41 |       6 |  12.8 |      19 |       2 |   9.5
        D:2 |     135 |     274 |  67.0 |      20 |       2 |   9.1
        D:3 |      88 |       0 |   0.0 |      12 |       0 |   0.0
        D:4 |     412 |       0 |   0.0 |      23 |       0 |   0.0
        D:5 |     215 |     197 |  47.8 |       6 |       1 |  14.3
        D:7 |     374 |       0 |   0.0 |       4 |       0 |   0.0
        D:8 |     186 |       0 |   0.0 |       5 |       0 |   0.0
        D:9 |     598 |       0 |   0.0 |       3 |       0 |   0.0
            +---------+---------+-------+---------+---------+-------

Illustrated notes

Table legend:
 A = Kills in this place as a percentage of kills in entire the game.
 B = Kills by you in this place as a percentage of kills by you in the entire game.
 C = Kills by friends in this place as a percentage of kills by friends in the entire game.
 D = Other kills in this place as a percentage of other kills in the entire game.
 E = Experience gained in this place as a percentage of experience gained in the entire game.
 F = Experience gained in this place divided by the number of levels of this place that you have seen.
                   A       B       C       D       E      F
               +-------+-------+-------+-------+-------+----------------------
         Total | 100.0 | 100.0 | 100.0 |   N/A | 100.0 | 229.6
       Dungeon | 100.0 | 100.0 | 100.0 |   N/A | 100.0 | 252.6
               +-------+-------+-------+-------+-------+----------------------

Table legend: (Time is in decaauts)
 A = Elapsed time spent in this place.
 B = Non-inter-level travel time spent in this place.
 C = Inter-level travel time spent in this place.
 D = Time resting spent in this place.
 E = Time spent auto-exploring this place.
 F = Levels seen in this place.
 G = Mean time per level.
                   A        B        C        D        E       F      G
               +--------+--------+--------+--------+--------+-----+--------+
         Total |   8691 |   8462 |    229 |   2073 |   4875 |  11 |  790.1 |
       Dungeon |   8460 |   8261 |    199 |   2073 |   4689 |  10 |  846.0 |
        Temple |    230 |    201 |     29 |      0 |    186 |   1 |  230.0 |
               +--------+--------+--------+--------+--------+-----+--------+

Top non-repeatable levels by time:
     D:4: 1819 daAuts
     D:3: 1778 daAuts
     D:2: 1274 daAuts
     D:1: 1147 daAuts
     D:5: 1031 daAuts
     D:8: 645 daAuts
     D:7: 612 daAuts
  Temple: 230 daAuts
     D:6: 76 daAuts
    D:10: 46 daAuts
     D:9: 29 daAuts
